 Dungeon Crawl Stone Soup version 0.31-a0-1068-g5939ac1fb6 (webtiles) character file.

Game seed: 1335824218060356026

100 gruber the Digger (level 4, -3/24 HPs)
             Began as a Deep Elf Earth Elementalist on Nov 24, 2023.
             Killed by nerve-wracking pain
             ... invoked by Grinder
              (13 damage)
             ... on level 3 of the Dungeon.
             The game lasted 00:01:42 (2238 turns).

gruber the Digger (Deep Elf Earth Elementalist)     Turns: 2238, Time: 00:01:42

Health: -3/24      AC:  3    Str:  5    XL:     4   Next: 47%
Magic:  2/10       EV: 12    Int: 22    God:
Gold:   146        SH:  0    Dex: 15    Spells: 5/9 levels left

rFire   . . .        j - +1 hand axe (flame)
rCold   . . .        (no shield)
rNeg    . . .        a - +0 robe
rPois   +            (no helmet)
rElec   .            (no cloak)
rCorr   .            (no gloves)
SInv    .            f - +0 pair of boots
Will    .....        (no amulet)
Stlth   ++           l - ring of poison resistance
HPRegen 0.24/turn    (no ring)
MPRegen 0.12/turn

%: no passive effects
@: very slightly contaminated
A: no striking features
a: no special abilities


You were on level 3 of the Dungeon.
You visited 1 branch of the dungeon, and saw 3 of its levels.

You collected 146 gold pieces.

Inventory:

Hand Weapons
 j - a +1 hand axe of flaming (weapon)
Armour
 a - a +0 robe (worn)
 f - a +0 pair of boots (worn)
Jewellery
 l - a ring of poison resistance (left hand)
Scrolls
 c - a scroll of brand weapon {unknown}
 g - a scroll of revelation {unknown}
 k - a scroll of enchant armour {unknown}
 m - a scroll of poison {unknown}
 n - a scroll of amnesia {unknown}
Potions
 b - a potion of magic
 d - 2 potions of curing {unknown}
 e - a potion of cancellation {unknown}
 h - a potion of heal wounds {unknown}
 i - a potion of invisibility {unknown}


   Skills:
 - Level 2.4 Dodging
 - Level 2.4 Stealth
 - Level 3.0 Spellcasting
 - Level 1.1 Transmutations
 + Level 5.9 Earth Magic


You had 5 spell levels left.
You knew the following spells:

 Your Spells              Type           Power      Damage    Failure   Level
a - Sandblast             Erth           58%        2d13      1%          1
b - Stone Arrow           Conj/Erth      32%        3d9       11%         3

Your spell library contained the following spells:

 Spells                   Type           Power      Damage    Failure   Level
 Passwall                 Tmut/Erth      15%        N/A       4%          2
 Petrify                  Tmut/Erth      18%        N/A       28%         4
 Brom's Barrelling Bould  Conj/Erth      16%        2d4       36%         4


Dungeon Overview and Level Annotations

Branches:
Dungeon (3/15)

Altars:

Annotations:
D:3 Grinder


Message History

You can't see any susceptible monsters within range! (Use Z to cast anyway.)
You can't see any susceptible monsters within range! (Use Z to cast anyway.)
You can't see any susceptible monsters within range! (Use Z to cast anyway.)
The blast of sand hits the dart slug!
You kill the dart slug!
Grinder shouts!
The blast of sand hits Grinder!
Grinder is lightly wounded.
Grinder gestures at you. You resist with significant effort.
The blast of sand hits Grinder.
Grinder is lightly wounded.
The blast of sand hits Grinder!
Grinder is heavily wounded.
Grinder hits you!
You writhe in agony.
Grinder hits you.
You writhe in agony.
You are too injured to fight recklessly!
You are too injured to fight recklessly!
Unknown command.
Unknown command.
Casting: Sandblast (safe; 1% risk of failure)
Confirm with . or Enter, or press ? or * to list all spells.
Aiming: Sandblast (safe; 1% risk of failure)
Press: ? - help, Shift-Dir - straight line, f/p - Grinder
Aim: Grinder (black smoke, heavily wounded, 81% to hit)
The blast of sand misses Grinder.
Grinder closely misses you.
Unknown command.
Unknown command.
Casting: Sandblast (safe; 1% risk of failure)
Confirm with . or Enter, or press ? or * to list all spells.
Aiming: Sandblast (safe; 1% risk of failure)
Press: ? - help, Shift-Dir - straight line, f/p - Grinder
Aim: Grinder (black smoke, heavily wounded, 81% to hit)
You miscast Sandblast.
You are very lightly contaminated with residual magic.
Nothing appears to happen.
Grinder gestures at you. Pain shoots through your body!
Ouch! That really hurt!
You die...
Grinder says, "Now the real fun starts!"

########### #.#
...........# #.# #
...........# #.# #
...........# #.# #
....§......# ##.## #
..≈§.§≈§...# ##...###
..§.§§≈....######.#.#.##
.§.?≈§5§...'...#.##.....
..§.§.≈@...###.##.....##
..≈§§§§....# #.†......##
....≈......###†###...###
....§......#...# ##.##
#### ...........#.###
#.# #..# ...........#.#
#.# #.## ############.#
##'## #.# ##########.#
##...## ####.####
#........#.# ##.....##


You could see Grinder.

Vanquished Creatures
  A sleepcap (D:3)
  2 adders
  A worm (D:2)
  3 dart slugs
  An orc (D:2)
  3 ball pythons
  3 endoplasms
  2 giant cockroaches (D:1)
  3 hobgoblins (D:2)
  3 jackals (D:3)
  2 quokkas
  5 bats
  2 frilled lizards
  4 goblins
  5 kobolds
  9 rats
49 creatures vanquished.

Notes
Turn   | Place    | Note
-------+----------+-------------------------------------------
     0 | D:1      | gruber the Deep Elf Earth Elementalist began the quest for
                  | the Orb.
     0 | D:1      | Reached XP level 1. HP: 10/10 MP: 6/6
   294 | D:1      | Reached XP level 2. HP: 15/15 MP: 5/8
   389 | D:1      | Reached skill level 4 in Earth Magic
  1185 | D:2      | Reached XP level 3. HP: 19/19 MP: 5/9
  1189 | D:2      | Learned a level 3 spell: Stone Arrow
  1473 | D:2      | Reached skill level 5 in Earth Magic
  1906 | D:3      | Reached XP level 4. HP: 21/24 MP: 4/10
  2105 | D:3      | Noticed Grinder
  2238 | D:3      | Killed from afar by Grinder

Illustrated notes

Levels and vault maps discovered:
D:1:      elethiomel_arrival_diamonds, layout_loops_ring, minmay_misc_feat_room,
          corexii_leaking_fountain, minmay_misc_feat_secret_circle
D:2:      layout_loops_ring
D:3:      layout_loops_corners, kennysheep_generic_room_2, uniq_grinder

Skill      XL: |  1  2  3 |
---------------+----------+-----
Earth Magic    | 4 5 |  5.9
Dodging        | |  2.4
Stealth        | |  2.4
Spellcasting   | |  3.0
Transmutations | |  1.1

Action                     |  1- 3 |  4- 6 || total
---------------------------+-------+-------++-------
   Cast: Sandblast         |    49 |    17 ||    66
 Armour: Robe              |     8 |     5 ||    13
  Dodge: Dodged            |     7 |     7 ||    14

Table legend: (Time is in decaauts)
 A = Elapsed time spent in this place.
 B = Non-inter-level travel time spent in this place.
 C = Inter-level travel time spent in this place.
 D = Time resting spent in this place.
 E = Time spent auto-exploring this place.
 F = Levels seen in this place.
 G = Mean time per level.
                   A        B        C        D        E       F      G
               +--------+--------+--------+--------+--------+-----+--------+
         Total |   2269 |   2180 |     89 |     35 |   1879 |   3 |  756.3 |
       Dungeon |   2269 |   2180 |     89 |     35 |   1879 |   3 |  756.3 |
               +--------+--------+--------+--------+--------+-----+--------+

Top non-repeatable levels by time:
     D:1: 1078 daAuts
     D:2: 709 daAuts
     D:3: 482 daAuts
